 Dungeon Crawl Stone Soup version 0.16.2-2-g470672f (webtiles) character file.

59 underdog the Firebug (level 3, -1/27 HPs)
             Began as a Draconian Fire Elementalist on Sept 2, 2015.
             Was an Initiate of Okawaru.
             Slain by a crimson imp (4 damage)
             ... on level 4 of the Dungeon.
             The game lasted 00:18:36 (2708 turns).

underdog the Firebug (Draconian Fire Elementalist)  Turns: 2708, Time: 00:18:36

Health: -1/27      AC:  5    Str: 10    XL:     3   Next: 78%
Magic:  6/6        EV: 12    Int: 16    God:    Okawaru [......]
Gold:   60         SH:  0    Dex: 11    Spells: 3 memorised, 0 levels left

rFire  . . .     SeeInvis .     f - +0 short sword
rCold  . . .     Clarity  .     (armour unavailable)
rNeg   . . .     SustAb   .     (no shield)
rPois  .         Gourm    .     (helmet restricted)
rElec  .         Spirit   .     (no cloak)
rCorr  .         Warding  .     (no gloves)
rMut   .         Stasis   .     (no boots)
MR     .....                    (no amulet)
Stlth  ++........               (no ring)
                                e - +3 ring of slaying

@: not resistant to hostile enchantments, unstealthy
A: unfitting armour, cold-blooded, AC +5
a: Renounce Religion


You were on level 4 of the Dungeon.
You worshipped Okawaru.
Okawaru was noncommittal.
You were not hungry.

You visited 1 branch of the dungeon, and saw 4 of its levels.

You collected 60 gold pieces.

Inventory:

Hand weapons
 f - a +0 short sword (weapon)
 l - a +0 hand axe
Missiles
 h - 2 tomahawks (quivered)
 i - 23 arrows
Jewellery
 e - a +3 ring of slaying (left hand)
Scrolls
 a - a scroll of amnesia
 d - 2 scrolls of identify
 g - a scroll of teleportation
Potions
 k - a potion of ambrosia {unknown}
Books
 b - a book of Flames

   Spells                             Type                      Level
   a - Flame Tongue                   Conjuration/Fire             1
   b - Throw Flame                    Conjuration/Fire             2
   c - Conjure Flame                  Conjuration/Fire             3
   d - Inner Flame                    Hexes/Fire                   3
   e - Sticky Flame                   Conjuration/Fire             4
   f - Fireball                       Conjuration/Fire             5
 j - a Grand Grimoire {highlevel, unknown}

   This book is beyond your current level of understanding.

   Spells                             Type                      Level
   a - Aura of Abjuration             Summoning                    6
   b - Summon Greater Demon           Summoning                    7
   c - Malign Gateway                 Summoning/Translocation      7
   d - Summon Horrible Things         Summoning                    8
Comestibles
 c - a bread ration


   Skills:
 + Level 0.9 Fighting
 + Level 0.5 Throwing
 + Level 2.4 Dodging
 + Level 2.0 Stealth
 + Level 0.2 Unarmed Combat
 + Level 2.4 Spellcasting
 + Level 1.5 Conjurations
 + Level 3.2 Fire Magic


You couldn't memorise any spells.
You knew the following spells:

 Your Spells              Type           Power        Failure   Level  Hunger
a - Flame Tongue          Conj/Fire      #....        10%         1    #......
b - Throw Flame           Conj/Fire      #.....       14%         2    ###....
c - Conjure Flame         Conj/Fire      #.......     28%         3    ###....


Dungeon Overview and Level Annotations

Branches:
Dungeon (4/15)
 Temple: D:4-7

Altars:
Cheibriados
Fedhas
Okawaru
Ru
Xom

Annotations:
D:3 Neotelesocio's ghost, average SpMo


Innate Abilities, Weirdness & Mutations

Your plain brown scales are hard (AC +5).
Your body does not fit into most forms of armour.
Your cold-blooded metabolism reacts poorly to cold.


Message History

The kobold barely misses you. The crimson imp closely misses you.
You hit the crimson imp.
Your tail-slap misses the crimson imp.
The crimson imp is moderately wounded.
The kobold closely misses you.
The crimson imp blinks!
You miss the kobold. The kobold barely misses you.
The kobold closely misses you.
You hit the kobold but do no damage. You tail-slap the kobold.
You kill the kobold!
Okawaru accepts your kill.
You hit the ball python.
You kill the ball python!
Okawaru accepts your kill.
You hit the crimson imp.
The crimson imp is lightly wounded.
The crimson imp misses you.
You hit the crimson imp but do no damage.
The crimson imp is lightly wounded.
The crimson imp barely misses you. x2
You barely miss the crimson imp. The crimson imp hits you.
You die...

###
#....#####
#......5@#
#.########


You could see a crimson imp.

Vanquished Creatures
  An adder (D:2)
  2 worms
  An orc (D:3)
  A bat zombie (D:1)
  5 giant cockroaches
  2 goblins (D:1)
  2 hobgoblins
  2 jackals (D:1)
  A quokka (D:2)
  2 ball pythons
  5 bats
  A giant cockroach zombie (D:1)
  4 giant newts (D:1)
  5 kobolds
  3 rats
37 creatures vanquished.

Notes
Turn   | Place    | Note
--------------------------------------------------------------
     0 | D:1      | underdog, the Draconian Fire Elementalist, began the quest for the Orb.
     0 | D:1      | Reached XP level 1. HP: 14/14 MP: 3/3
   419 | D:1      | Reached XP level 2. HP: 1/20 MP: 2/4
  1294 | D:1      | Learned a level 2 spell: Throw Flame
  1414 | D:2      | Found an iron altar of Okawaru.
  1428 | D:2      | Became a worshipper of Warmaster Okawaru
  1796 | D:2      | Found a snail-covered altar of Cheibriados.
  1814 | D:2      | Reached XP level 3. HP: 7/27 MP: 6/6
  2064 | D:2      | Learned a level 3 spell: Conjure Flame
  2525 | D:3      | Noticed Neotelesocio's ghost (average SpMo)
  2593 | D:3      | Found a blossoming altar of Fedhas.
  2593 | D:3      | Found a sacrificial altar of Ru.
  2676 | D:3      | Found a shimmering altar of Xom.
  2708 | D:4      | Slain by a crimson imp

Action                   || total
-------------------------++-------
Melee: Unarmed           ||    35
       Short sword       ||   104
       Trident           ||    14
Throw: Tomahawk          ||    15
 Cast: Flame Tongue      ||    11
       Throw Flame       ||     6
       Conjure Flame     ||     1
  Use: Scroll            ||     5
  Eat: Bread ration      ||     2
